 Dungeon Crawl Stone Soup version 0.18.1-47-g9310371 (webtiles) character file.

137 mindo the Covered (level 5, -1/46 HPs)
             Began as a Minotaur Fighter on June 18, 2016.
             Slain by Pikel
             ... wielding a +2 whip of electrocution
              (15 damage)
             ... on level 4 of the Dungeon.
             The game lasted 00:09:04 (2100 turns).

mindo the Covered (Minotaur Fighter)                Turns: 2100, Time: 00:09:06

Health: -1/46      AC:  7    Str: 25    XL:     5   Next: 0%
Magic:  4/4        EV:  8    Int:  5    God:
Gold:   143        SH: 10    Dex: 11    Spells: 0 memorised, 4 levels left

rFire  . . .     SeeInvis .     a - +0 long sword
rCold  . . .     Gourm    .     b - +0 scale mail
rNeg   . . .     Faith    .     c - +0 shield
rPois  .         Spirit   .     (helmet restricted)
rElec  .         Dismiss  .     (no cloak)
rCorr  .         Reflect  .     (no gloves)
SustAt .         Harm     .     (no boots)
MR     .....                    (no amulet)
Stlth  ..........               (no ring)
                                (no ring)

@: mighty, not resistant to hostile enchantments, extremely unstealthy
A: retaliatory headbutt, horns 2
a: no special abilities


You were on level 4 of the Dungeon.
You were not hungry.

You visited 1 branch of the dungeon, and saw 4 of its levels.

You collected 143 gold pieces.

Inventory:

Hand Weapons
 a - a +0 long sword (weapon)
Armour
 b - a +0 scale mail (worn)
 c - a +0 shield (worn)
Jewellery
 n - an uncursed ring of fire {unknown}
 p - a +2 ring of strength {unknown}
Scrolls
 g - a scroll of enchant armour {unknown}
 j - 2 scrolls of fog {unknown}
 k - a scroll of magic mapping {unknown}
 m - a scroll of teleportation {unknown}
 o - a scroll of fear {unknown}
Potions
 e - a potion of brilliance {unknown}
 i - 3 potions of curing {unknown}
 l - a potion of mutation {unknown}
Comestibles
 f - 2 bread rations
 h - a beef jerky


   Skills:
 + Level 4.2 Fighting
 + Level 3.3 Long Blades
 + Level 5.0 Armour
 + Level 0.9 Dodging
 + Level 0.3 Stealth
 + Level 4.6 Shields


You had 4 spell levels left.
You didn't know any spells.

Dungeon Overview and Level Annotations

Branches:
Dungeon (4/15)
 Temple: D:4-7

Altars:
Pakellas

Annotations:
D:4 Pikel


Innate Abilities, Weirdness & Mutations

You reflexively headbutt those who attack you in melee.
You have a pair of horns on your head.


Message History

Pikel hits you with a whip of electrocution.
You are electrocuted!
The slave hits you but does no damage.
The howler monkey skeleton barely misses you.
The howler monkey skeleton bites you but does no damage.
The slave barely misses you.
Pikel hits you with a whip of electrocution.
You are electrocuted!
* * * LOW HITPOINT WARNING * * *
You feel very mighty all of a sudden. The slave barely misses you.
You furiously retaliate!
You headbutt the slave!
The howler monkey skeleton closely misses you.
You block the howler monkey skeleton's attack.
You block the slave's attack. Pikel barely misses you.
You hit Pikel. You headbutt Pikel!
Pikel is heavily wounded.
The slave hits you but does no damage.
You block the howler monkey skeleton's attack.
The howler monkey skeleton closely misses you.
Pikel hits you but does no damage.
You are electrocuted!
You die...

..# .....## #.##
......#
##..##!......
#............
#>...........
#.##............
#)..<....^......
####............
##..p@Z#..Z..
#.<..#.Kp# ####
#$####ph## #
##.# #.# ... ...
..#


You could see Pikel, 3 slaves, a hound and a howler monkey skeleton.

Vanquished Creatures
  5 adders
  An ooze (D:1)
  An adder zombie (D:1)
  3 dart slugs
  5 giant geckos
  An orc (D:3)
  3 giant cockroaches
  10 goblins
  10 hobgoblins
  12 jackals (D:3)
  2 quokkas
  5 bats
  3 giant newts (D:1)
  A jackal zombie (D:1)
  3 kobolds
  3 rats
68 creatures vanquished.

Notes
Turn   | Place    | Note
--------------------------------------------------------------
     0 | D:1      | mindo the Minotaur Fighter began the quest for the Orb.
     0 | D:1      | Reached XP level 1. HP: 19/19 MP: 0/0
   231 | D:2      | Reached XP level 2. HP: 23/27 MP: 1/1
   354 | D:2      | Reached skill level 4 in Armour
   591 | D:2      | Reached XP level 3. HP: 22/33 MP: 2/2
  1409 | D:1      | Reached XP level 4. HP: 40/40 MP: 3/3
  1666 | D:3      | Reached skill level 5 in Armour
  1697 | D:3      | Found an oddly glowing altar of Pakellas.
  2073 | D:3      | Reached XP level 5. HP: 40/46 MP: 4/4
  2091 | D:4      | Noticed Pikel
  2092 | D:4      | Noticed a slave
  2094 | D:4      | Noticed a slave
  2095 | D:4      | Noticed a slave
  2100 | D:4      | Slain by Pikel

Skill      XL: |  1  2  3  4 |
---------------+-------------+-----
Armour         | 4 5 |  5.0
Shields        | 4 |  4.6
Long Blades    | 3 |  3.3
Fighting       | 4 |  4.2
Dodging        | |  0.9
Stealth        | |  0.3

Action                   |  1- 3 |  4- 6 || total
-------------------------+-------+-------++-------
Melee: Long sword        |    86 |    78 ||   164
       Headbutt          |     5 |    13 ||    18
  Use: Potion            |       |     1 ||     1
  Eat: Meat ration       |     1 |       ||     1
Armor: Scale mail        |    43 |    47 ||    90
Dodge: Dodged            |    22 |    41 ||    63
Block: Shield            |    45 |    62 ||   107
